 Dungeon Crawl Stone Soup version 0.31-a0-237-g2d982f9f85 (webtiles) character file.

Game seed: 979571504262455134

31 qw the Shooter (level 3, 0/29 HPs)
             Began as a Minotaur Hexslinger on July 11, 2023.
             Slain by an orc wizard
             ... wielding a +0 dagger
              (3 damage)
             ... on level 2 of the Dungeon.
             The game lasted 00:00:18 (875 turns).

qw the Shooter (Minotaur Hexslinger)                 Turns: 875, Time: 00:00:19

Health: 0/29       AC:  3    Str: 12    XL:     3   Next: 7%
Magic:  3/3        EV: 12    Int: 10    God:
Gold:   89         SH:  0    Dex: 14    Spells: 3/4 levels left

rFire   . . .        Y - +1 sling
rCold   . . .        (no shield)
rNeg    . . .        d - +0 leather armour
rPois   .            (helmet restricted)
rElec   .            (no cloak)
rCorr   .            (no gloves)
SInv    .            (no boots)
Will    .....        (no amulet)
Stlth   +            (no ring)
HPRegen 0.24/turn    (no ring)
MPRegen 0.08/turn

%: no passive effects
@: no status effects
A: horns 2, retaliatory headbutt
a: no special abilities


You were on level 2 of the Dungeon.
You visited 1 branch of the dungeon, and saw 2 of its levels.

You collected 89 gold pieces.


Innate Abilities, Weirdness & Mutations

You have a pair of horns on your head.
You reflexively headbutt those who attack you in melee.


   Skills:
 - Level 2.0 Fighting
 + Level 3.6 Ranged Weapons
 - Level 2.1 Dodging
 - Level 1.0 Spellcasting
 - Level 2.0 Hexes


You had 3 spell levels left.
You knew the following spells:

 Your Spells              Type           Power      Damage    Failure   Level
a - Slow                  Hex            16%        N/A       19%         1

Your spell library contained the following spells:

 Spells                   Type           Power      Damage    Failure   Level
 Inner Flame              Hex/Fire       2%         N/A       65%         3
 Portal Projectile        Hex/Tloc       4%         N/A       65%         3
 Cause Fear               Hex            2%         N/A       88%         4

Inventory:

Hand Weapons
 Y - a +1 sling (weapon)
Armour
 d - a +0 leather armour (worn)
Scrolls
 a - a scroll of identify

Dungeon Overview and Level Annotations

Branches:
Dungeon (2/15)

Altars:

Shops:
D:1 !


Message History

862 ||| FLEEEEING.
863 ||| FLEEEEING.
A bat comes into view.
The bat moves out of view.
864 ||| FLEEEEING.
You shoot a sling bullet. The sling bullet barely misses the orc.
866 ||| Stepping ~*~*~tactically~*~*~ (outnumbered).
You shoot a sling bullet. The sling bullet hits the bat.
The bat is severely wounded.
The bat hits you but does no damage.
You shoot a sling bullet. The sling bullet hits the bat.
You kill the bat!
You shoot a sling bullet. The sling bullet barely misses the orc.
The orc hits you with a +0 hand axe.
You shoot a sling bullet. The sling bullet hits the orc.
The orc is almost dead.
The orc hits you with a +0 hand axe.
You shoot a sling bullet. The sling bullet hits the orc.
You kill the orc!
The orc wizard hits you with a +0 dagger.
You have reached level 3!
Your experience leads to an increase in your attributes!
Increase (S)trength, (I)ntelligence, or (D)exterity?
You feel agile. x2
You shoot a sling bullet. The sling bullet hits the orc wizard.
The orc wizard is moderately wounded.
The orc wizard casts a spell.
The orc wizard flickers and vanishes!
Deactivating autopickup; reactivate with Ctrl-A.
An orc comes into view. It is wielding a +0 flail.
Something hits you but does no damage. The orc misses you.
You furiously retaliate!
You headbutt the orc. You shoot a sling bullet.
The sling bullet closely misses the orc.
Something hits you. The orc barely misses you.
You shoot a sling bullet. The sling bullet hits the orc.
You kill the orc!
Something hits you.
875 ||| FLEEEEING.
Something hits you.
You die... .. oo..

#############o....
..................
#####...............
.......##.o####.....
##....#8{.8#......#
#......@)>......$.#
#...%........... .#
#.%...#8..8#..... +
#.....##..##.....
#.#+#....... ....
#.# #.###########
#<# #.# ### #.. #..


You could see an orc.

Vanquished Creatures
  A dart slug (D:1)
  2 orcs (D:2)
  4 ball pythons
  6 bats
  An endoplasm (D:1)
  A giant cockroach (D:1)
  3 hobgoblins
  3 quokkas (D:1)
  3 frilled lizards
  A rat (D:1)
25 creatures vanquished.

Notes
Turn   | Place    | Note
-------+----------+-------------------------------------------
     0 | D:1      | qw the Minotaur Hexslinger began the quest for the Orb.
     0 | D:1      | Reached XP level 1. HP: 16/16 MP: 1/1
     0 | D:1      | 0 ||| qw: Version: 0.3-a-52-g30416fa
     0 | D:1      | 0 ||| qw: Game counter: 5881
     0 | D:1      | 0 ||| qw: Melee chars always use a shield: true
     0 | D:1      | 0 ||| qw: God list: Okawaru
     0 | D:1      | 0 ||| qw: Allow faded altars: false
     0 | D:1      | 0 ||| qw: Do Orc after clearing Dungeon:15 true
     0 | D:1      | 0 ||| qw: Do second Lair branch before Depths: true
     0 | D:1      | 0 ||| qw: Lair rune preference: random
     0 | D:1      | 0 ||| qw: Goals: Normal
     0 | D:1      | 0 ||| PLANNING D:1-11
   121 | D:1      | Found Ovett's Distillery.
   130 | D:1      | 130 ||| SHOPLISTING 2 potions of haste (280 gold, have 24).
   130 | D:1      | 130 ||| SHOPLISTING potion of enlightenment (70 gold, have
                  | 24).
   130 | D:1      | 130 ||| SHOPLISTING potion of haste (140 gold, have 24).
   144 | D:1      | Reached skill level 3 in Ranged Weapons
   166 | D:1      | Reached XP level 2. HP: 23/23 MP: 2/2
   796 | D:1      | 796 ||| UPGRADING to +0 leather armour.
   806 | D:1      | 806 ||| DROPPING +0 robe.
   807 | D:1      | 807 ||| READING 2 scrolls labelled KIYSHR PYEJINEBOE.
   808 | D:1      | 808 ||| READING scroll labelled TUZUAS OCSENATAK.
   812 | D:1      | 812 ||| DROPPING scroll of poison.
   862 | D:2      | 862 ||| FLEEEEING.
   863 | D:2      | 863 ||| FLEEEEING.
   864 | D:2      | 864 ||| FLEEEEING.
   866 | D:2      | 866 ||| Stepping ~*~*~tactically~*~*~ (outnumbered).
   871 | D:2      | HP: 5/24 [orc wizard/+0 dagger (2)]
   872 | D:2      | Reached XP level 3. HP: 6/29 MP: 3/3
   875 | D:2      | 875 ||| FLEEEEING.
   875 | D:2      | Slain by an orc wizard

Levels and vault maps discovered:
D:1:      dpeg_arrival_round_a, layout_basic, serial_shops, shop
D:2:      layout_basic, chequers_ecumenical_altar_lobes, st_stairs_6,
          uniq_crazy_yiuf_cottage

Skill      XL: |  1  2 |
---------------+-------+-----
Ranged Weapons | 3 |  3.6
Fighting       | 2 |  2.0
Dodging        | |  2.1
Spellcasting   | |  1.0
Hexes          | |  2.0

Action                     || total
---------------------------++-------
   Fire: Sling             ||    68
    Use: Scroll            ||     2
 Armour: Robe              ||     8
         Leather armour    ||     3
  Dodge: Dodged            ||    18

Table legend:
 A = Non-vault XP
 B = Vault XP
 C = Vault XP percentage of total XP
 D = Non-vault monster count
 E = Vault monster count
 F = Vault count percentage of total count
                 A         B        C        D         E       F
            +---------+---------+-------+---------+---------+-------
      Total |      44 |       1 |   2.2 |      24 |       1 |   4.0
            +---------+---------+-------+---------+---------+-------
        D:1 |      33 |       0 |   0.0 |      19 |       0 |   0.0
        D:2 |      11 |       1 |   8.3 |       5 |       1 |  16.7
            +---------+---------+-------+---------+---------+-------
